 Seeded DCSS version 0.29-a0-23-ga79f92ac9c (webtiles) character file.

Game seed: 10000000000011 (custom seed)

5014 knot the Cleaver (level 10, -17/105 HPs)
             Began as a Demonspawn Berserker on Jan 31, 2022.
             Was a Believer of Trog.
             Killed from afar by Erica (27 damage)
             ... with a lance of force
             ... on level 8 of the Dungeon.
             The game lasted 00:08:02 (9828 turns).

knot the Cleaver (Demonspawn Berserker)             Turns: 9828, Time: 00:08:03

Health: -17/105    AC:  9    Str: 17    XL:     10   Next: 30%
Magic:  0/10       EV:  7    Int: 13    God:    Trog [**....]
Gold:   325        SH:  5    Dex: 13    Spells: 9/9 levels left

rFire   . . .      SeeInvis .   l - +0 war axe
rCold   + . .      Faith    .   (no shield)
rNeg    . . .      Spirit   +   k - +1 chain mail of Urghimes {Fly rPois rC+ Slay-2 Stlth+}
rPois   +          Reflect  +   (no helmet)
rElec   .          Harm     .   (no cloak)
rCorr   .          Rampage  .   (gloves unavailable)
Will    .....                   (no boots)
Stlth   ..........              d - amulet of reflection
HPRegen 0.27/turn               (no ring)
MPRegen 0.24/turn               (no ring)

@: berserking (expiring), flying, very quick
A: powered by death 1, magic shield, magic regeneration, demonic touch 3
a: Renounce Religion, Berserk, Trog's Hand


You were on level 8 of the Dungeon.
You worshipped Trog.
Trog was pleased with you.
You visited 1 branch of the dungeon, and saw 8 of its levels.

You collected 515 gold pieces.
You spent 190 gold pieces at shops.

Inventory:

Hand Weapons
 l - a +0 war axe (weapon)
 t - a +0 battleaxe
Missiles
 f - 216 stones
 h - 5 poisoned darts (quivered)
 p - 10 boomerangs
 v - 22 sling bullets
 w - a throwing net
 B - a curare-tipped dart
Armour
 k - the +1 chain mail of Urghimes (worn) {Fly rPois rC+ Slay-2 Stlth+}
   (You bought it in a shop on level 3 of the Dungeon)

   Slay:      It affects your accuracy & damage with ranged weapons and melee
   (-2).
   rC:        It protects you from cold.
   rPois:     It protects you from poison.
   Fly:       It grants you flight.
   Stlth:     It makes you more stealthy.
 x - the +3 hat of Pondering {ponderous, Will+ MP+10 Int+5}
   (You found it on level 8 of the Dungeon)

   Int:       It affects your intelligence (+5).
   MP:        It affects your magic capacity (+10).
   Will:      It increases your willpower.
Jewellery
 d - an amulet of reflection (around neck)
 y - a ring of willpower
Wands
 j - a wand of flame (26)
 o - a wand of polymorph (13)
 s - a wand of iceblast (15)
Scrolls
 a - 2 scrolls of holy word {unknown}
 b - 3 scrolls of identify {unknown}
 c - a scroll of amnesia {unknown}
 m - 3 scrolls of blinking {unknown}
 n - a scroll of fog {unknown}
 r - 2 scrolls of teleportation {unknown}
Potions
 e - 5 potions of curing {unknown}
 g - a potion of lignification {unknown}
 i - a potion of might {unknown}
 q - a potion of brilliance {unknown}
 u - 2 potions of resistance {unknown}
 z - a potion of berserk rage {unknown}
 A - a potion of attraction {unknown}


   Skills:
 - Level 3.0 Fighting
 * Level 13.1 Axes
 * Level 5.2 Throwing
 - Level 1.7 Armour
 - Level 1.7 Dodging


You had 9 spell levels left.
You didn't know any spells.
Your spell library contained the following spells:

 Spells                   Type           Power      Damage    Failure   Level
 Corpse Rot               Necr/Air       0%         N/A       100%        2
 Ensorcelled Hibernation  Hex/Ice        0%         N/A       100%        2
 Passwall                 Tmut/Erth      0%         N/A       100%        2
 Poisonous Vapours        Pois/Air       0%         N/A       100%        2
 Ozocubu's Armour         Ice            0%         N/A       100%        3
 Swiftness                Air            0%         N/A       100%        3
 Tukima's Dance           Hex            0%         N/A       100%        3
 Anguish                  Hex/Necr       0%         N/A       100%        4
 Metabolic Englaciation   Hex/Ice        0%         N/A       100%        5
 Simulacrum               Ice/Necr       0%         N/A       100%        6
 Enfeeble                 Hex            0%         N/A       100%        7


Dungeon Overview and Level Annotations

Branches:
Dungeon (8/15)             Temple (0/1) D:4
   Lair: D:8-11

Altars:
Okawaru
Ru
Uskayaw

Shops:
D:3 [   D:8 :

Annotations:
D:8 2 runed translucent doors, Erica; Theoretic's ghost, novice FeEn


Innate Abilities, Weirdness & Mutations

You regenerate a little health from kills.
When hurt, damage is shared between your health and your magic reserves.
You regenerate magic rapidly.
Your touch may irresistibly damage your foes and sap their willpower.


Message History

There is an escape hatch in the ceiling here.
f - 216 stones (gained 23)
Found a ring mail.
Erica the Fiery-Tempered comes into view.
She is wielding a +3 scimitar of flaming and wearing a +2 robe of cold resistance.
Found a stone staircase leading down.
Erica shouts!
Erica hits you with a +3 scimitar of flaming!
Erica burns you.
A red film seems to cover your vision as you go berserk!
You feel yourself moving faster!
You feel mighty!
Erica gestures wildly while chanting.
Erica flickers and vanishes!
Deactivating autopickup; reactivate with Ctrl-A.
You closely miss something. Something hits you! Something burns you.
You slash something! You miss something. Your touch misses something.
Something hits you but does no damage.
You barely miss something. You slash something! Your touch misses something.
Something hits you! Something burns you.
You slice something!!
You touch something!
You sap its willpower!
You completely miss something.
You hear some strange, mumbled words.
Something tries to affect you, but you resist.
You closely miss something. Your touch misses something.
You barely miss something. Something hits you!! Something burns you.
You completely miss something. Your touch misses something.
You closely miss something. Your touch misses something. Something hits you!
Something burns you!
* * * LOW HITPOINT WARNING * * *
You barely miss something. Your touch misses something.
You barely miss something. Something hits you!
* * * LOW HITPOINT WARNING * * *
Something burns you!
* * * LOW HITPOINT WARNING * * *
You closely miss something.
You hear some strange, mumbled words.
A lance of force appears from out of thin air!
The lance of force hits you!!
You die...

#..###........<.......
#..# ###.##########.#.
#..# #..# #.#. #..#
#.## #... #..# #.#
#... #..# #.# ##..
#[.# ##.## ##.
#..###...#### ...
#...{@......# .###
##.###.?.##.# # ##.##
# #.# #.# #.# .>.


There were no monsters in sight!

Vanquished Creatures
  Harold (D:8)
  A two-headed ogre (D:8)
  Joseph (D:7)
  A kobold demonologist (D:5)
  Prince Ribbit (D:8)
  3 yaks (D:8)
  A water moccasin (D:8)
  An orc warrior (D:8)
  A black bear (D:5)
  A necrophage (D:6)
  An ice beast (D:7)
  4 ogres
  A wolf (D:4)
  A centaur (D:8)
  A phantom (D:6)
  A kobold brigand (D:7)
  5 scorpions
  A bullfrog (D:8)
  2 wyvern zombies (D:7)
  A wyvern skeleton (D:7)
  Dowan (D:4)
  9 wights
  A howler monkey (D:5)
  A centaur zombie (D:5)
  2 orc priests
  3 hounds
  2 jellies
  2 bullfrog skeletons
  3 centaur skeletons
  Ijyb (D:4)
  An orc wizard (D:7)
  A scorpion zombie (D:5)
  7 adders
  A shadow imp (D:7)
  A white imp (D:5)
  13 orcs
  6 endoplasms
  2 giant cockroaches
  5 goblins
  5 hobgoblins
  14 jackals
  A quokka (D:4)
  4 ball pythons
  7 bats
  5 frilled lizards
  7 kobolds
  5 rats
140 creatures vanquished.

Vanquished Creatures (others)
  2 orcs (D:7)
2 creatures vanquished.

Grand Total: 142 creatures vanquished

Notes
Turn   | Place    | Note
-------+----------+-------------------------------------------
     0 | D:1      | knot the Demonspawn Berserker began the quest for the Orb.
     0 | D:1      | Reached XP level 1. HP: 18/18 MP: 1/1
   153 | D:1      | Reached skill level 3 in Axes
   340 | D:1      | Gained mutation: You regenerate magic rapidly. [demonic
                  | ancestry]
   340 | D:1      | Reached XP level 2. HP: 20/24 MP: 2/2
   759 | D:1      | Reached ** piety under Trog
  1274 | D:2      | Reached skill level 4 in Axes
  1274 | D:2      | Gained mutation: Your touch may inflict minor irresistible
                  | damage on your foes. [demonic ancestry]
  1274 | D:2      | Reached XP level 3. HP: 29/29 MP: 3/3
  1591 | D:2      | Reached XP level 4. HP: 28/35 MP: 4/4
  2005 | D:3      | Noticed an ogre
  2009 | D:3      | HP: 2/52 [ogre (19)]
  2013 | D:3      | Killed an ogre
  2014 | D:3      | Reached skill level 5 in Axes
  2014 | D:3      | Reached XP level 5. HP: 3/41 MP: 5/5
  2467 | D:3      | Found Daocsar's Antique Armour Emporium.
  3110 | D:4      | Found a staircase to the Ecumenical Temple.
  3129 | D:4      | Noticed Dowan
  3131 | D:4      | Noticed Duvessa
  3157 | D:4      | Noticed Duvessa
  3157 | D:4      | Duvessa changed into Duvessa the wolf
  3163 | D:4      | Killed Duvessa the wolf
  3164 | D:4      | Reached skill level 6 in Axes
  3164 | D:4      | Gained mutation: Your touch may inflict irresistible damage
                  | on your foes. [demonic ancestry]
  3164 | D:4      | Reached XP level 6. HP: 27/47 MP: 6/6
  3168 | D:4      | Killed Dowan
  3622 | D:4      | Reached skill level 7 in Axes
  3842 | D:4      | Noticed Ijyb
  3875 | D:4      | Killed Ijyb
  4357 | D:5      | Entered Level 5 of the Dungeon
  4366 | D:5      | Noticed a kobold demonologist
  4373 | D:5      | Noticed an orange demon
  4374 | D:5      | Killed a kobold demonologist
  4375 | D:5      | Reached skill level 8 in Axes
  4375 | D:5      | Gained mutation: When hurt, damage is shared between your
                  | health and your magic reserves. [demonic ancestry]
  4375 | D:5      | Reached XP level 7. HP: 52/52 MP: 7/7
  5007 | D:5      | Reached skill level 9 in Axes
  5007 | D:5      | Gained mutation: You regenerate a little health from kills.
                  | [demonic ancestry]
  5007 | D:5      | Reached XP level 8. HP: 58/58 MP: 5/8
  5157 | D:5      | HP: 3/87 [ogre (14)]
  5704 | D:5      | Found a hide-covered altar of Uskayaw.
  5989 | D:3      | Bought an ichor-stained chain mail for 190 gold pieces
  5989 | D:3      | Identified the +1 chain mail of Urghimes {Fly rPois rC+
                  | Slay-2 Stlth+} (You bought it in a shop on level 3 of the
                  | Dungeon)
  6077 | D:6      | Reached skill level 10 in Axes
  6762 | D:6      | Found an iron altar of Okawaru.
  6996 | D:7      | Reached skill level 11 in Axes
  7292 | D:7      | Gained mutation: Your touch may irresistibly damage your
                  | foes and sap their willpower. [demonic ancestry]
  7292 | D:7      | Reached XP level 9. HP: 61/63 MP: 5/9
  7899 | D:7      | Noticed Joseph
  7909 | D:7      | Killed Joseph
  7910 | D:7      | Reached skill level 12 in Axes
  8117 | D:7      | Found a sacrificial altar of Ru.
  8436 | D:8      | Noticed Harold
  8451 | D:8      | Killed Harold
  8634 | D:8      | Found the +3 hat of Pondering {ponderous, Will+ MP+10
                  | Int+5}
  8709 | D:8      | Noticed a two-headed ogre
  8719 | D:8      | Killed a two-headed ogre
  8720 | D:8      | Reached XP level 10. HP: 61/70 MP: 5/10
  9078 | D:8      | Reached skill level 13 in Axes
  9353 | D:8      | Found Yhyquem's Self-Improvement Boutique.
  9426 | D:8      | Found a large runed translucent door.
  9426 | D:8      | Found a large runed translucent door.
  9427 | D:8      | Noticed Theoretic's ghost (novice FeEn)
  9457 | D:8      | Noticed Prince Ribbit
  9475 | D:8      | Killed Prince Ribbit
  9476 | D:8      | Reached skill level 5 in Throwing
  9811 | D:8      | Noticed Erica
  9828 | D:8      | Killed from afar by Erica

Illustrated notes

Levels and vault maps discovered:
D:1:      lordsloth_arrival_two_stooges, layout_basic, grunt_decor_fettered,
          minmay_misc_feat_diagonals, nicolae_concentric_dashed_squares_wild
D:2:      layout_rooms, hangedman_decor_clover_reticule
D:3:      layout_basic, serial_shops, shop, kennysheep_path_1
D:4:      layout_rooms, temple_doors_e, uniq_duvessa, uniq_ijyb
D:5:      layout_loops_cross, nicolae_uskayaw_suspiria, item_on_display_a
D:6:      layout_rooms, nicolae_overflow_hidden_temple, grunt_ministairs_6
D:7:      layout_loops_ring, nicolae_ru_awakened_eye, palyth_stone_intersect,
          minmay_misc_feat_alley, minivault_27, uniq_joseph
D:8:      layout_loops_ring, ebering_ghost_disaster_area,
          nicolae_shop_self_help, uniq_harold, uniq_erica, uniq_prince_ribbit1

Skill      XL: |  1  2  3  4  5  6  7  8  9 10 |
---------------+-------------------------------+-----
Axes           | 3 4 5 6 8 9 11 12 13 | 13.1
Throwing       | 4 5 |  5.2
Fighting       | |  3.0
Armour         | |  1.7
Dodging        | |  1.7

Action                   |  1- 3 |  4- 6 |  7- 9 | 10-12 || total
-------------------------+-------+-------+-------+-------++-------
Melee: Hand axe          |   116 |   107 |       |       ||   223
       Touch             |     8 |    18 |    53 |     9 ||    88
       Punch             |     1 |     1 |     5 |       ||     7
       War axe           |       |     4 |   248 |    66 ||   318
Throw: Stone             |       |     2 |       |       ||     2
       Dart              |       |       |     6 |     7 ||    13
Invok: Berserk           |       |     5 |     9 |     4 ||    18
       Trog's Hand       |       |       |     1 |       ||     1
Evoke: Wand              |       |     4 |     1 |       ||     5
  Use: Potion            |       |     2 |       |       ||     2
Armor: Animal skin       |    15 |       |       |       ||    15
       Ring mail         |    27 |    24 |    26 |       ||    77
       Chain mail        |       |       |    53 |     7 ||    60
Dodge: Dodged            |    77 |    64 |    76 |    12 ||   229
Block: Other             |    27 |    23 |    52 |     4 ||   106
       Reflection        |       |       |     2 |       ||     2

Table legend: (Time is in decaauts)
 A = Elapsed time spent in this place.
 B = Non-inter-level travel time spent in this place.
 C = Inter-level travel time spent in this place.
 D = Time resting spent in this place.
 E = Time spent auto-exploring this place.
 F = Levels seen in this place.
 G = Mean time per level.
                   A        B        C        D        E       F      G
               +--------+--------+--------+--------+--------+-----+--------+
         Total |   9964 |   9515 |    449 |   3585 |   4824 |   8 | 1245.5 |
       Dungeon |   9964 |   9515 |    449 |   3585 |   4824 |   8 | 1245.5 |
               +--------+--------+--------+--------+--------+-----+--------+

Top non-repeatable levels by time:
     D:7: 1745 daAuts
     D:5: 1616 daAuts
     D:4: 1503 daAuts
     D:1: 1277 daAuts
     D:8: 1212 daAuts
     D:3: 1125 daAuts
     D:6: 882 daAuts
     D:2: 601 daAuts
